 Dungeon Crawl Stone Soup version 0.18-a0-1311-g779ca93 (webtiles) character file.

81 Ratboiler the Skirmisher (level 4, -4/30 HPs)
             Began as a Deep Elf Wanderer on Feb 13, 2016.
             Slain by an orc wizard
             ... wielding a +0 dagger
              (5 damage)
             ... on level 3 of the Dungeon.
             The game lasted 00:07:17 (3007 turns).

Ratboiler the Skirmisher (Deep Elf Wanderer)        Turns: 3007, Time: 00:07:17

Health: -4/30      AC:  7    Str:  8    XL:     4   Next: 19%
Magic:  10/10      EV: 12    Int: 19    God:
Gold:   129        SH:  0    Dex: 14    Spells: 0 memorised, 9 levels left

rFire  . . .     SeeInvis .     a - +2 spear
rCold  . . .     Gourm    .     l - +0 leather armour {MR+}
rNeg   . . .     Faith    .     (no shield)
rPois  .         Spirit   .     v - +0 helmet
rElec  .         Dismiss  .     t - +2 cloak
rCorr  .         Reflect  .     (no gloves)
SustAt .         Harm     .     (no boots)
MR     +....                    H - amulet of magic regeneration
Stlth  +.........               (no ring)
                                s - +2 ring of evasion

@: invisible, somewhat resistant to hostile enchantments, very unstealthy
A: no striking features
a: no special abilities


You were on level 3 of the Dungeon.
You were not hungry.

You visited 1 branch of the dungeon, and saw 4 of its levels.

You collected 129 gold pieces.

Inventory:

Hand Weapons
 a - a +2 spear (weapon)
 b - a +0 blowgun
 d - a +0 hand axe
Missiles
 c - 15 poisoned needles
 k - 11 poisoned sling bullets
 o - 94 stones (quivered)
 p - 32 arrows
 y - 6 javelins
Armour
 e - a +0 robe
 h - a +0 leather armour
 j - a +0 ring mail
 l - a +0 leather armour of magic resistance (worn)
 t - a +2 cloak (worn)
 v - a +0 helmet (worn)
Jewellery
 s - a +2 ring of evasion (left hand)
 F - an uncursed ring of fire
 H - an amulet of magic regeneration (around neck)
Wands
 E - a wand of random effects (17/48)
Scrolls
 n - 3 scrolls of blinking {unknown}
 r - 2 scrolls of remove curse
 w - 2 scrolls of fear {unknown}
 z - a scroll of amnesia {unknown}
 C - a scroll of immolation {unknown}
 D - a scroll of enchant weapon {unknown}
 I - a scroll of random uselessness {unknown}
Potions
 g - a potion of invisibility
 m - a potion of berserk rage {unknown}
 q - a potion of ambrosia {unknown}
 x - a potion of degeneration {unknown}
 A - 2 potions of curing {unknown}
Comestibles
 f - a bread ration
 i - a royal jelly
 u - a slice of pizza
 B - a meat ration
 G - a beef jerky


   Skills:
 + Level 4.7 Fighting
 - Level 1.0 Throwing
 - Level 1.0 Armour
 - Level 3.0 Spellcasting
   Level 1.5 Charms
 - Level 1.1 Evocations


You had 9 spell levels left.
You didn't know any spells.

Dungeon Overview and Level Annotations

Branches:
Dungeon (4/15)
 Temple: D:4-7

Altars:
Elyvilon
Kikubaaqudgha
Nemelex Xobeh
Trog

Annotations:
D:3 Sigmund; tasslehoff34's ghost, amateur DrCK


Message History

The orc priest hits you with a whip.
You hit the orc priest.
The orc priest is almost dead.
The orc wizard hits you with a dagger.
* * * LOW HITPOINT WARNING * * *
The orc priest hits you with a whip.
* * * LOW HITPOINT WARNING * * *
You hit the orc priest.
The orc priest is almost dead.
The orc wizard casts a spell at you. The puff of frost hits you!
The orc priest miscasts a cantrip.
The orc wizard casts a spell at you. The magic dart hits you!
* * * LOW HITPOINT WARNING * * *
Drink which item? (? for menu, Esc to quit)
It was a potion of invisibility.
You fade into invisibility!
The orc wizard hits you with a dagger.
You die...

........##...............# #.#
...#....#########........# #.#
...#....####### #........# #.#
...#..........# #.......## #.#
..............# #.......# #.###
....#...†.....# ####...## #.#<.
....#.........######...######.###
..............................#
##..............@o............#
#.............o..............#
#...........................##
####..###...................#
#..# #...................#
#####..# #...........#########
o..o..># #...........# ########
#############


You could see an orc priest and an orc wizard.

Vanquished Creatures
  Robin (D:2)
  2 adders
  2 worms (D:3)
  A giant gecko (D:2)
  2 orcs (D:3)
  A ball python (D:2)
  6 giant cockroaches
  6 goblins
  7 hobgoblins
  2 quokkas
  4 bats
  3 kobolds
  3 rats
40 creatures vanquished.

Notes
Turn   | Place    | Note
--------------------------------------------------------------
     0 | D:1      | Ratboiler the Deep Elf Wanderer began the quest for the Orb.
     0 | D:1      | Ratboiler set off with: a +2 spear, a +0 hand axe, 11 poisoned needles, a +0 blowgun, a +0 robe, a bread ration
     0 | D:1      | Reached XP level 1. HP: 14/14 MP: 6/6
   831 | D:2      | Noticed Robin
   877 | D:2      | Reached XP level 2. HP: 17/20 MP: 8/8
  1145 | D:1      | Reached skill level 4 in Fighting
  1381 | D:2      | Killed Robin
  1381 | D:2      | Reached XP level 3. HP: 21/24 MP: 9/9
  1525 | D:2      | Found an ancient bone altar of Kikubaaqudgha.
  1747 | D:3      | Noticed Sigmund
  2137 | D:3      | Found a faded altar to an unknown god.
  2163 | D:3      | Noticed tasslehoff34's ghost (amateur DrCK)
  2197 | D:3      | Found a sparkling altar of Nemelex Xobeh.
  2224 | D:3      | Found a bloodstained altar of Trog.
  2367 | D:3      | Reached XP level 4. HP: 20/30 MP: 10/10
  2773 | D:4      | Found a white marble altar of Elyvilon.
  3006 | D:3      | HP: 1/30 [orc wizard/magic dart (5)]
  3007 | D:3      | Slain by an orc wizard

Vault maps used:
D:1:      dpeg_arrival_water_temple_mockup, hangedman_decor_growths,
          minivault_24, hangedman_glass_teeth
D:2:      overflow_temple_1_default, hex_intersection, uniq_robin
D:3:      grunt_temple_overflow_open, ecumenical_altar_1,
          minmay_misc_feat_square, kennysheep_generic_room_9, uniq_sigmund
D:4:      elyvilon_altar_4, first_bread

Action                   |  1- 3 |  4- 6 || total
-------------------------+-------+-------++-------
Melee: Spear             |   114 |    23 ||   137
 Fire: Blowgun           |    11 |     9 ||    20
Throw: Stone             |     1 |       ||     1
  Use: Scroll            |     2 |       ||     2
       Potion            |       |     1 ||     1
 Stab: Sleeping          |     1 |       ||     1
  Eat: Fruit             |     4 |       ||     4
       Meat ration       |     1 |       ||     1
